[Event "Titled Tuesday Blitz July 20 2021"]
[White "Goltsev, Dmitry"]
[Black "Nguyen Hong Nhung"]
[WhiteFideId "24176710"]
[BlackFideId "12412201"]
[WhiteElo "2743"]
[BlackElo "2404"]
[Result "0-1"]
[Round "01"]
[TimeControl "180+1"]
[Date "2021.07.21"]
[WhiteClock "0:00:03"]
[BlackClock "0:00:09"]

1. e4 c5 2. Nf3 e6 3. d4 cxd4 4. Nxd4 Nc6 5. Nc3 Qc7 6. Be2 a6 7. a3 Nf6 8. O-O Be7 9. Be3 O-O 10. f4 d6 11. Bf3 Bd7 12. Nb3 b5 13. Qd2 Rab8 14. g4 Rfd8 15. g5 Ne8 16. Rad1 b4 17. axb4 Nxb4 18. h4 f6 19. Nd4 Nc6 20. Kh1 Na5 21. b3 Rdc8 22. Nce2 Nc6 23. Bg4 Nxd4 24. Nxd4 Qb7 25. Qg2 f5 26. Bf3 fxe4 27. Bxe4 d5 28. Bf3 Nd6 29. c4 Qb4 30. cxd5 exd5 31. Bxd5+ Kh8 32. h5 Nf5 33. Nxf5 Bxf5 34. h6 Bf8 35. Rf2 Rd8 36. Bd4 Qe7 37. Rfd2 Rxd5 38. Qxd5 Be4+ 39. Qxe4 Qxe4+ 40. Kg1 Re8 41. Rf2 Kg8 42. Rdd2 g6 43. Kh2 Qe1 44. Kg3 Bd6 45. Bb6 Bb4 46. Rd7 Qc3+ 47. Rf3 Qc6 48. Rg7+ Kf8 49. f5 Bd6+ 50. Kf2 Qc2+ 51. Kg1 Re1+ 52. Rf1 Qh2# 0-1


[Site "https://www.chess.com"]

[Event "Titled Tuesday Blitz July 20 2021"]
[White "Grochal, Joey"]
[Black "Makhnev, Denis"]
[WhiteFideId "1019945"]
[BlackFideId "13707647"]
[WhiteElo "2265"]
[BlackElo "2537"]
[Result "1-0"]
[Round "01"]
[TimeControl "180+1"]
[Date "2021.07.20"]
[WhiteClock "0:00:36"]
[BlackClock "0:01:34"]

1. d4 Nf6 2. c4 e6 3. Nf3 d5 4. Nc3 c6 5. Bg5 Nbd7 6. e3 h6 7. Bxf6 Nxf6 8. Rc1 Bd6 9. Qc2 O-O 10. Bd3 Qe7 11. O-O dxc4 12. Bxc4 e5 13. dxe5 Bxe5 14. Nxe5 Qxe5 15. Rfd1 Bg4 16. Rd4 Rad8 17. Qd2 Rxd4 18. exd4 Qd6 19. h3 Bf5 20. d5 Rd8 21. Rd1 b5 22. Bb3 b4 23. Ne2 cxd5 24. Qd4 a5 25. Nf4 Be6 26. Rc1 Ne4 27. Nd3 Qe7 28. Ne5 Bxh3 29. Bxd5 Rxd5 30. Qxd5 Qg5 31. Qa8+ Kh7 32. Qxe4+ f5 33. f4 Qd8 34. Qe3 Bg4 35. Nxg4 fxg4 36. Qe4+ Kh8 37. Re1 Qb6+ 38. Qe3 Qd6 39. Qe8+ Kh7 40. f5 Qd4+ 41. Kh1 g3 42. Qg6+ 1-0


[Site "https://www.chess.com"]

[Event "Titled Tuesday Blitz July 20 2021"]
[White "Guimaraes, Wagner Peixoto"]
[Black "Noritsyn, Nikolay"]
[WhiteFideId "2100940"]
[BlackFideId "2604922"]
[WhiteElo "2245"]
[BlackElo "2527"]
[Result "0-1"]
[Round "01"]
[TimeControl "180+1"]
[Date "2021.07.21"]
[WhiteClock "0:00:02"]
[BlackClock "0:00:35"]

1. c4 b6 2. Nf3 Bb7 3. g3 e6 4. Bg2 Nf6 5. O-O g6 6. Nc3 Bg7 7. d3 O-O 8. e4 d6 9. Nh4 e5 10. f4 exf4 11. e5 Bxg2 12. exf6 Bxf1 13. fxg7 Re8 14. Qxf1 fxg3 15. hxg3 Nd7 16. Bh6 f5 17. Nd5 c6 18. Nf4 Qf6 19. Qf3 Ne5 20. Qg2 Ng4 21. Qxc6 Nxh6 22. Nd5 Qxb2 23. Rf1 Ng4 24. Ng2 Qd4+ 25. Kh1 Qxg7 26. Nc7 Rac8 27. Qd5+ Qf7 28. Nxe8 Qxd5 29. cxd5 Rxe8 30. Nf4 Re5 31. Rc1 g5 32. Rc8+ Kf7 33. Rc7+ Re7 34. Ne6 Rxc7 35. Nxc7 Nf2+ 36. Kg2 Nxd3 37. Nb5 Ke7 38. Nxa7 Nb4 39. Nc8+ Kf6 40. Nxb6 Nxa2 41. Nc4 Ke7 42. Nb6 Nb4 43. Kf3 h5 0-1


[Site "https://www.chess.com"]

[Event "Titled Tuesday Blitz July 20 2021"]
[White "Guliev, Logman"]
[Black "Bazeev, German"]
[WhiteFideId "13400061"]
[BlackFideId "24119350"]
[WhiteElo "2128"]
[BlackElo "2462"]
[Result "0-1"]
[Round "01"]
[TimeControl "180+1"]
[Date "2021.07.20"]
[WhiteClock "0:02:44"]
[BlackClock "0:02:52"]

1. e4 c6 2. d4 d5 3. exd5 cxd5 4. c4 e6 5. Nc3 Bb4 6. Nf3 Nc6 7. cxd5 exd5 8. Bb5 Ne7 9. O-O Bxc3 10. bxc3 O-O 11. h3 a6 12. Bd3 Bf5 13. Re1 Re8 14. Bg5 f6 15. Bd2 Bxd3 0-1


[Site "https://www.chess.com"]

[Event "Titled Tuesday Blitz July 20 2021"]
[White "Gusarov, Grigory"]
[Black "Cannon, David"]
[WhiteFideId "24102172"]
[BlackFideId "3213110"]
[WhiteElo "2269"]
[BlackElo "1901"]
[Result "1-0"]
[Round "01"]
[TimeControl "180+1"]
[Date "2021.07.21"]
[WhiteClock "0:01:52"]
[BlackClock "0:00:26"]

1. d4 Nf6 2. Nf3 g6 3. c4 Bg7 4. Nc3 O-O 5. Bg5 d6 6. e3 c5 7. d5 b5 8. cxb5 a6 9. bxa6 Bxa6 10. Bxa6 Nxa6 11. O-O Qb6 12. Qc2 Rfb8 13. Rab1 Nb4 14. Qd2 Nxa2 15. Nd1 Ne4 16. Qd3 Nxg5 17. Nxg5 Qb5 18. Qe4 Bf6 19. h4 Ra4 20. Qf3 Qd3 21. Ra1 h6 22. Ne4 Qxe4 23. Qxe4 Rxe4 24. Rxa2 Rxh4 25. f4 g5 26. g3 Rg4 27. Kg2 gxf4 28. exf4 h5 29. Ne3 Rg6 30. Kf3 Rxb2 31. Rxb2 Bxb2 32. Rh1 Bg7 33. Rxh5 Rh6 34. Rg5 Kf8 35. Nf5 Bf6 36. Nxh6 1-0


[Site "https://www.chess.com"]

[Event "Titled Tuesday Blitz July 20 2021"]
[White "Hamley, Ryan"]
[Black "Karthikeyan, Murali"]
[WhiteFideId "30959497"]
[BlackFideId "5074452"]
[WhiteElo "2393"]
[BlackElo "2564"]
[Result "0-1"]
[Round "01"]
[TimeControl "180+1"]
[Date "2021.07.21"]
[WhiteClock "0:00:08"]
[BlackClock "0:00:05"]

1. d4 Nf6 2. Nf3 g6 3. Nbd2 d5 4. b4 Bg7 5. e3 O-O 6. c4 a5 7. b5 c5 8. Bb2 Nbd7 9. Be2 b6 10. O-O Bb7 11. Rc1 Rc8 12. Qb3 cxd4 13. Bxd4 Nc5 14. Qb2 Ne6 15. Be5 Ne4 16. Bxg7 Nxg7 17. Rfd1 Nd6 18. Ne5 h5 19. Bf3 Ba8 20. h3 dxc4 21. Bxa8 c3 22. Rxc3 Rxc3 23. Qxc3 Qxa8 24. Nc6 Nxb5 25. Nxe7+ Kh7 26. Qe5 Qe8 27. Nc4 Na7 28. Nd5 Qxe5 29. Nxe5 b5 30. Rc1 f6 31. Nd7 Rf7 32. N7xf6+ Kh6 33. Ne4 Ne6 34. f3 b4 35. Kf2 Kg7 36. Rc4 Rd7 37. Nef6 Rb7 38. e4 Nb5 39. Rc8 Nc3 40. Rg8+ Kf7 41. Rh8 Nxa2 42. Rh7+ Ng7 43. e5 b3 44. Nf4 b2 45. Ne4 b1=Q 46. e6+ Kg8 47. Nf6+ Kf8 48. Rh8+ Ke7 49. Ng8+ Kd6 50. e7 Qb2+ 51. Kg3 Rxe7 52. Nxe7 Kxe7 53. Nxg6+ Kf7 54. Nf4 Nf5+ 0-1


[Site "https://www.chess.com"]

[Event "Titled Tuesday Blitz July 20 2021"]
[White "Horobetz, Graham"]
[Black "Stojanovski, Sandi"]
[WhiteFideId "2047322"]
[BlackFideId "1403249"]
[WhiteElo "2650"]
[BlackElo "2355"]
[Result "0-1"]
[Round "01"]
[TimeControl "180+1"]
[Date "2021.07.21"]
[WhiteClock "0:00:11"]
[BlackClock "0:00:05"]

1. e4 c5 2. Nf3 Nc6 3. d4 cxd4 4. Nxd4 Nf6 5. Nc3 e5 6. Ndb5 d6 7. Nd5 Nxd5 8. exd5 Ne7 9. c3 a6 10. Qa4 axb5 11. Bxb5+ Bd7 12. Bxd7+ Qxd7 13. Qxa8+ Nc8 14. b3 Be7 15. Qa4 b5 16. Qb4 O-O 17. O-O f5 18. f4 e4 19. Be3 Bf6 20. Rac1 Ne7 21. c4 bxc4 22. bxc4 g5 23. fxg5 Be5 24. Qd2 Ng6 25. Bd4 f4 26. Bxe5 dxe5 27. c5 e3 28. Qd3 Qg4 29. Qe4 Nh4 30. d6 Qe6 31. Qc4 Qxc4 32. Rxc4 e2 33. Re1 f3 34. gxf3 Nxf3+ 35. Kf2 Nd2+ 36. Kxe2 Nxc4 37. Kd3 Na5 38. Rxe5 Nc6 39. Re2 Rf4 40. Re8+ Kf7 41. Rc8 Ne5+ 42. Ke3 Rc4 43. a4 Ke6 44. a5 Ra4 45. Ra8 Kd5 46. Re8 Ra3+ 47. Kf2 Nc6 48. Kg2 Kxc5 49. Re2 Rd3 50. Rd2 Rxd2+ 51. Kg3 Rxd6 52. h4 Rd7 53. Kg4 Ra7 54. g6 Rxa5 55. g7 Ra8 56. Kg5 Ne7 57. Kh6 Ng8+ 58. Kxh7 Kd6 59. h5 Ke6 60. h6 Kf7 61. Kh8 Nf6+ 62. g8=Q+ Rxg8# 0-1


[Site "https://www.chess.com"]

[Event "Titled Tuesday Blitz July 20 2021"]
[White "Howell, David W L"]
[Black "Jary, Sergey"]
[WhiteFideId "410608"]
[BlackFideId "14110350"]
[WhiteElo "2643"]
[BlackElo "2260"]
[Result "1-0"]
[Round "01"]
[TimeControl "180+1"]
[Date "2021.07.20"]
[WhiteClock "0:00:06"]
[BlackClock "0:00:07"]

1. b3 d5 2. Bb2 c6 3. e3 Nf6 4. c4 Bf5 5. Nc3 e6 6. Nf3 Nbd7 7. Nh4 Bg6 8. d4 Be7 9. Nxg6 hxg6 10. g3 a6 11. Rc1 b5 12. c5 Qc7 13. b4 e5 14. Bg2 g5 15. O-O e4 16. f3 exf3 17. Qxf3 g4 18. Qf4 Qxf4 19. Rxf4 Nf8 20. e4 Ne6 21. Rf2 dxe4 22. Nxe4 Nd5 23. Nc3 Nec7 24. Re1 Kf8 25. Nxd5 cxd5 26. Rf4 g5 27. Rf5 Rd8 28. Bc1 Rg8 29. Rxe7 Kxe7 30. Bxg5+ Rxg5 31. Rxg5 Ne6 32. Rxd5 Rxd5 33. Bxd5 Nxd4 34. Be4 f5 35. Bb7 Kd7 36. Bxa6 Kc6 37. Kf2 Nc2 38. Bc8 Nxb4 39. Bxf5 Nxa2 40. Bxg4 Kxc5 41. Be6 Nb4 42. Ke3 Nc6 43. h4 Kd6 44. Ba2 Ne5 45. Ke4 b4 46. Bb3 Nd7 47. Kd4 Nc5 48. Bd1 b3 49. g4 b2 50. Bc2 Ne6+ 51. Kc3 Nf4 52. Kxb2 Ke5 53. Kc3 Kf6 54. Kd4 Ne6+ 55. Ke4 Nc5+ 56. Kf4 Ne6+ 57. Kg3 Nd4 58. Be4 Ne6 59. Bd3 Nc5 60. g5+ Kg7 61. Bc2 Ne6 62. Kg4 Nf8 63. Bf5 Kf7 64. Kf4 Ke7 65. Ke5 Kf7 66. h5 Kg7 67. Kd6 Kf7 68. h6 Kg8 69. Ke7 Kh8 70. Kf7 Ng6 71. Kxg6 Kg8 72. Kf6 Kh8 73. g6 1-0


[Site "https://www.chess.com"]

[Event "Titled Tuesday Blitz July 20 2021"]
[White "Ibrahimli, Murad"]
[Black "Rottenwohrer Suarez, Juan"]
[WhiteFideId "13410229"]
[BlackFideId "32068182"]
[WhiteElo "2109"]
[BlackElo "2158"]
[Result "1-0"]
[Round "01"]
[TimeControl "180+1"]
[Date "2021.07.20"]
[WhiteClock "0:00:13"]
[BlackClock "0:00:02"]

1. c4 Nf6 2. Nc3 g6 3. e4 c5 4. Nf3 Bg7 5. d4 cxd4 6. Nxd4 Nc6 7. Be3 O-O 8. Be2 d6 9. O-O Bd7 10. f3 Nxd4 11. Bxd4 a5 12. a4 Bc6 13. Kh1 Nd7 14. Be3 Nc5 15. Ra2 Qb6 16. Nb5 Rfc8 17. Rf2 Qd8 18. Bf1 Be5 19. g3 e6 20. Rd2 Qe7 21. b3 f5 22. exf5 gxf5 23. Bg2 Bxb5 24. axb5 Rd8 25. f4 Bc3 26. Re2 Rac8 27. Qc2 Bf6 28. Rxa5 Ra8 29. b4 Rxa5 30. bxa5 Qc7 31. b6 Qd7 32. h3 Ra8 33. Bxc5 dxc5 34. Rxe6 Bd4 35. Bd5 Kh8 36. Qxf5 Qa4 37. h4 Qd1+ 38. Kg2 Qg1+ 39. Kh3 Rg8 40. Qd3 Bf2 41. Qc3+ Bd4 42. Qf3 Bf2 43. g4 Qf1+ 44. Qg2 Qd3+ 45. Bf3 Be1 46. Rxe1 Qd4 47. a6 Qxf4 48. Qb2+ 1-0


[Site "https://www.chess.com"]

[Event "Titled Tuesday Blitz July 20 2021"]
[White "Indjic, Aleksandar"]
[Black "Odegov, Artem"]
[WhiteFideId "911925"]
[BlackFideId "34183644"]
[WhiteElo "2643"]
[BlackElo "2288"]
[Result "1-0"]
[Round "01"]
[TimeControl "180+1"]
[Date "2021.07.20"]
[WhiteClock "0:02:28"]
[BlackClock "0:01:12"]

1. d4 Nf6 2. c4 c5 3. d5 b5 4. Bg5 b4 5. Qc2 g6 6. e4 d6 7. Nd2 Bg7 8. h3 O-O 9. Ngf3 a5 10. a4 e6 11. Bd3 exd5 12. cxd5 Nbd7 13. O-O Qc7 14. Rac1 Nb6 15. b3 Bd7 16. Rfe1 Rae8 17. Bf4 Nh5 18. Bh2 Bf6 19. Nc4 Nxc4 20. Bxc4 Re7 21. Rcd1 Bc3 22. Re3 Qb6 23. e5 dxe5 24. d6 Ree8 25. Nxe5 Bd4 26. Nxd7 Qc6 27. Nxf8 Bxe3 28. fxe3 Rxf8 29. Qf2 Rd8 30. Qxf7+ Kh8 31. Be5+ 1-0


[Site "https://www.chess.com"]

[Event "Titled Tuesday Blitz July 20 2021"]
[White "Iskusnyh, Sergei"]
[Black "Seletsky, Grigory"]
[WhiteFideId "4120027"]
[BlackFideId "14112191"]
[WhiteElo "2492"]
[BlackElo "2492"]
[Result "0-1"]
[Round "01"]
[TimeControl "180+1"]
[Date "2021.07.21"]
[WhiteClock "0:00:13"]
[BlackClock "0:00:59"]

1. d4 d6 2. c4 Nf6 3. Nf3 Bg4 4. Nc3 Bxf3 5. exf3 c6 6. Be3 g6 7. Be2 Bg7 8. O-O O-O 9. d5 cxd5 10. cxd5 Nbd7 11. Rc1 a6 12. a4 Qb8 13. a5 Rc8 14. Qa4 Nc5 15. Qa3 Rc7 16. b4 Ncd7 17. Na4 Nxd5 18. Rxc7 Qxc7 19. Bd2 Rc8 20. g3 Qb8 21. Bd1 Ne5 22. Qb3 e6 23. Be2 Nc6 24. Bc4 Nd4 25. Qd3 Ne7 26. Nb6 Rc7 27. Bf4 e5 28. Be3 Nef5 29. Bd5 Qd8 30. Kg2 h5 31. Rd1 Nxe3+ 32. fxe3 Nf5 33. Qb3 Qg5 34. Rd3 Bh6 35. f4 Qg4 36. Kg1 h4 37. Bf3 Qxf3 38. e4 Rc1+ 0-1


[Site "https://www.chess.com"]

[Event "Titled Tuesday Blitz July 20 2021"]
[White "Jodorcovsky Werjivker, Paulo"]
[Black "Kobalia, Mikhail"]
[WhiteFideId "3700305"]
[BlackFideId "4119150"]
[WhiteElo "2142"]
[BlackElo "2569"]
[Result "0-1"]
[Round "01"]
[TimeControl "180+1"]
[Date "2021.07.20"]
[WhiteClock "0:00:18"]
[BlackClock "0:00:02"]

1. e4 c6 2. d4 d5 3. exd5 cxd5 4. Bd3 Nc6 5. c3 Nf6 6. Bf4 Bg4 7. Qb3 Qd7 8. Nd2 e6 9. Ngf3 Bd6 10. Bxd6 Qxd6 11. O-O O-O 12. Qxb7 Rfb8 13. Qa6 Rb6 14. Qa3 Qxa3 15. bxa3 Rab8 16. Rfb1 Bxf3 17. Nxf3 Ne4 18. c4 Nc3 19. Rxb6 Rxb6 20. cxd5 Nxd5 21. Rc1 g6 22. g3 Kg7 23. Ne5 Nxd4 24. Kg2 Rb2 25. Bc4 Kf6 26. Nd7+ Ke7 27. Bxd5 Kxd7 28. Rd1 exd5 29. Rxd4 Kd6 30. Ra4 Rb7 31. Kf3 Ke5 32. Ke3 g5 33. f4+ gxf4+ 34. gxf4+ Kf5 35. Ra5 Rd7 36. h3 h5 37. a4 Kf6 38. Kd4 Ke6 39. Rc5 Rb7 40. a3 Rb3 41. Rxd5 Rxh3 42. Ra5 h4 43. Rxa7 Rxa3 44. Ke4 f5+ 45. Kd4 h3 46. Rh7 Rxa4+ 47. Ke3 Ra3+ 48. Kf2 Kd5 49. Re7 Kd4 50. Re2 Kc4 51. Rc2+ Rc3 52. Re2 Kd4 53. Kg1 Re3 54. Ra2 Ke4 55. Ra4+ Kf3 56. Ra1 Re2 57. Rf1+ Kg3 58. Kh1 Rh2+ 59. Kg1 Rg2+ 60. Kh1 Rf2 61. Rg1+ Kxf4 62. Ra1 Kg3 63. Ra3+ Rf3 64. Ra1 f4 65. Rg1+ Kf2 66. Ra1 Re3 67. Kh2 f3 68. Ra2+ Re2 69. Ra3 Rd2 70. Kxh3 Ke2 71. Ra8 f2 72. Re8+ Kf1 73. Kg3 Kg1 0-1


[Site "https://www.chess.com"]

[Event "Titled Tuesday Blitz July 20 2021"]
[White "Kamsky, Gata"]
[Black "Coto Mederos, Michel"]
[WhiteFideId "2000024"]
[BlackFideId "3508528"]
[WhiteElo "2644"]
[BlackElo "2427"]
[Result "1-0"]
[Round "01"]
[TimeControl "180+1"]
[Date "2021.07.20"]
[WhiteClock "0:01:06"]
[BlackClock "0:00:35"]

1. e4 e5 2. Nf3 Nf6 3. Nxe5 d6 4. Nf3 Nxe4 5. Qe2 Qe7 6. d3 Nf6 7. Nc3 Bg4 8. Qxe7+ Bxe7 9. Be2 Nc6 10. h3 Bh5 11. g4 Bg6 12. Bf4 O-O-O 13. O-O-O Rhe8 14. Rde1 Bf8 15. Rhg1 Ne5 16. Nh4 a6 17. Bd2 Nc6 18. f4 h6 19. Nxg6 fxg6 20. g5 hxg5 21. Rxg5 Ne7 22. Ne4 d5 23. Nf2 c6 24. Rg2 Kc7 25. Ng4 Nxg4 26. hxg4 c5 27. Bf3 Kd6 28. Rge2 b6 29. Re6+ Kc7 30. a4 a5 31. Bc3 Kd7 32. Rxb6 d4 33. Bxa5 Nc8 34. Bc6+ Kc7 35. Ra6+ Nb6 36. Bxe8 1-0


[Site "https://www.chess.com"]

[Event "Titled Tuesday Blitz July 20 2021"]
[White "Kashtanov, Ruslan"]
[Black "Petriashvili, Nikoloz"]
[WhiteFideId "4124871"]
[BlackFideId "13611216"]
[WhiteElo "2408"]
[BlackElo "2767"]
[Result "0-1"]
[Round "01"]
[TimeControl "180+1"]
[Date "2021.07.21"]
[WhiteClock "0:00:03"]
[BlackClock "0:00:14"]

1. d4 c6 2. c4 d5 3. Nf3 Nf6 4. Nbd2 Bf5 5. Nh4 Bg6 6. Qb3 Qb6 7. Qh3 Qd8 8. Nxg6 fxg6 9. e3 Qd7 10. Qg3 e6 11. Bd3 Bd6 12. f4 O-O 13. O-O Qe7 14. Nf3 Nbd7 15. c5 Bc7 16. Bd2 b5 17. a4 a6 18. b4 Ne4 19. Qe1 Ndf6 20. Ra2 h6 21. Qa1 Rab8 22. axb5 axb5 23. Ra7 Qd8 24. Qa2 g5 25. Ne5 gxf4 26. Nxc6 Qd7 27. Ne5 Qd8 28. exf4 Bxe5 29. fxe5 Ng4 30. Bxe4 Qh4 31. Rxg7+ Kh8 32. Rh7+ Kg8 33. Rg7+ Kh8 34. Rxg4 Qxg4 35. Bf3 Qxd4+ 36. Kh1 Ra8 37. Qc2 Qc4 38. Qb1 Kg7 39. Re1 Ra2 40. Be3 d4 41. Bh5 d3 42. Qd1 Rf5 43. Bg4 Rxe5 44. Bxh6+ Kxh6 45. Rxe5 Qxg4 0-1


[Site "https://www.chess.com"]

[Event "Titled Tuesday Blitz July 20 2021"]
[White "Khalafova, Narmin"]
[Black "Vakhlamov, Igor L."]
[WhiteFideId "13402625"]
[BlackFideId "24126748"]
[WhiteElo "2109"]
[BlackElo "2416"]
[Result "1-0"]
[Round "01"]
[TimeControl "180+1"]
[Date "2021.07.21"]
[WhiteClock "0:00:10"]
[BlackClock "0:00:48"]

1. e4 c5 2. Be2 g6 3. f4 Bg7 4. Nf3 e6 5. O-O Ne7 6. d3 O-O 7. c3 d5 8. Be3 d4 9. Bf2 Nbc6 10. c4 Rb8 11. Nbd2 a6 12. g4 f5 13. gxf5 exf5 14. e5 h6 15. Kh1 Be6 16. Rg1 b5 17. Bh4 Qe8 18. b3 bxc4 19. Nxc4 Bxc4 20. dxc4 a5 21. Ne1 Kh7 22. Nd3 Nb4 23. Bf3 Nxd3 24. Qxd3 Nc6 25. a3 Rb6 26. Bd5 Ne7 27. Bf3 Qf7 28. Rab1 Rfb8 29. Rge1 Qe6 30. Re2 Bf8 31. Reb2 Kh8 32. b4 axb4 33. axb4 Rxb4 34. Rxb4 cxb4 35. Qxd4 b3 36. Bf6+ Bg7 37. Bd5 Qb6 38. Qxb6 Rxb6 39. Bxe7 g5 40. Bd6 b2 41. c5 Rb5 42. Bc4 Rb4 43. Bd3 gxf4 44. c6 Rb3 45. c7 Rc3 46. Bxf5 f3 47. c8=Q+ Rxc8 48. Bxc8 f2 49. e6 Be5 50. e7 Bxd6 51. e8=Q+ Kg7 52. Qd7+ Kf6 53. Qxd6+ Kg5 54. Qd2+ Kh4 55. Qxf2+ Kg5 56. Qxb2 Kh5 57. Qe5+ Kh4 58. Rb4# 1-0


[Site "https://www.chess.com"]

[Event "Titled Tuesday Blitz July 20 2021"]
[White "Koridze, Lile"]
[Black "Bartel, Mateusz"]
[WhiteFideId "13612514"]
[BlackFideId "1112635"]
[WhiteElo "2400"]
[BlackElo "2733"]
[Result "1-0"]
[Round "01"]
[TimeControl "180+1"]
[Date "2021.07.21"]
[WhiteClock "0:00:16"]
[BlackClock "0:00:10"]

1. d4 Nf6 2. c4 b6 3. f3 Nc6 4. Nc3 e5 5. d5 Ne7 6. e4 Ng6 7. Be3 Bc5 8. Bxc5 bxc5 9. Bd3 h5 10. Nge2 h4 11. O-O Nh5 12. d6 cxd6 13. Bc2 Qb6 14. Nb5 Ke7 15. Nec3 Bb7 16. Qd2 a6 17. Qg5+ Kf8 18. Na4 Qc6 19. Nbc3 Nhf4 20. Nd5 Ne6 21. Qe3 Nd4 22. Bd1 Ne7 23. f4 Nxd5 24. exd5 Qc7 25. Nc3 Re8 26. fxe5 dxe5 27. Ne4 d6 28. Ba4 Re7 29. Rf2 Bc8 30. Raf1 Bd7 31. Bd1 f6 32. Nxf6 gxf6 33. Rxf6+ Ke8 34. Qh6 Kd8 35. Qxh8+ Be8 36. Qxh4 Qb6 37. Qh6 Kc7 38. b3 Bd7 39. Qf8 Re8 40. Qg7 Kd8 41. Rf7 Qc7 42. Bg4 1-0


[Site "https://www.chess.com"]

[Event "Titled Tuesday Blitz July 20 2021"]
[White "Kukhmazov, Arsen"]
[Black "Ljukin, Sergei"]
[WhiteFideId "24108260"]
[BlackFideId "14102200"]
[WhiteElo "2769"]
[BlackElo "2414"]
[Result "1-0"]
[Round "01"]
[TimeControl "180+1"]
[Date "2021.07.21"]
[WhiteClock "0:02:26"]
[BlackClock "0:00:58"]

1. b3 e5 2. Bb2 Nc6 3. e3 Nf6 4. Bb5 Bd6 5. Na3 Na5 6. Be2 Qe7 7. Nb5 O-O 8. Nxd6 cxd6 9. d4 Nc6 10. d5 Nb4 11. c4 a5 12. Nf3 b6 13. O-O Ne4 14. Nd2 Nc5 15. a3 Nbd3 16. Bc3 e4 17. b4 axb4 18. axb4 Rxa1 19. Qxa1 Na6 20. Bxg7 Naxb4 21. Bf6 Qe8 22. Qd4 Nc5 23. Rb1 Nba6 24. Rxb6 Nc7 25. Rxd6 1-0


[Site "https://www.chess.com"]

[Event "Titled Tuesday Blitz July 20 2021"]
[White "LEGENYA1998"]
[Black "Dang, Hoang Son"]
[BlackFideId "12402435"]
[WhiteElo "2415"]
[BlackElo "2769"]
[Result "1-0"]
[Round "01"]
[TimeControl "180+1"]
[Date "2021.07.21"]
[WhiteClock "0:00:13"]
[BlackClock "0:00:09"]

1. e4 g6 2. d4 Bg7 3. Nc3 a6 4. a4 b6 5. f4 Bb7 6. Nf3 Nf6 7. Bd3 d5 8. e5 Ne4 9. Qe2 Nxc3 10. bxc3 e6 11. Ba3 Nc6 12. O-O Ne7 13. g4 h5 14. h3 Qd7 15. Qg2 Bf8 16. Ng5 hxg4 17. hxg4 Bh6 18. Kf2 c5 19. dxc5 Bxg5 20. fxg5 d4 21. Be4 dxc3 22. Rad1 Bxe4 23. Qxe4 Nd5 24. cxb6 Qc6 25. Kg3 Qxb6 26. Rh1 O-O-O 27. Rxh8 Rxh8 28. Qc4+ Kb7 29. Bc5 Qc6 30. Rb1+ Ka8 31. Rb6 Qxb6 32. Bxb6 Kb7 33. Bd4 Rc8 34. Qb3+ Kc6 35. Bxc3 Kd7 36. Bd4 Ke8 37. c4 Ne7 38. c5 Nc6 39. Qb7 Ne7 40. Bf2 Rc6 41. Qb8+ Kd7 42. Qb7+ Kd8 43. Be1 Ke8 44. Ba5 Rxc5 45. Bb4 1-0


[Site "https://www.chess.com"]

[Event "Titled Tuesday Blitz July 20 2021"]
[White "Lagunow, Raphael"]
[Black "Narayanan.S.L"]
[WhiteFideId "24652644"]
[BlackFideId "5058422"]
[WhiteElo "2400"]
[BlackElo "2617"]
[Result "1-0"]
[Round "01"]
[TimeControl "180+1"]
[Date "2021.07.20"]
[WhiteClock "0:00:10"]
[BlackClock "0:00:13"]

1. e4 c5 2. Nf3 b6 3. d4 cxd4 4. Nxd4 Bb7 5. Nc3 a6 6. Bd3 e6 7. O-O d6 8. Qe2 Nd7 9. f4 Qc7 10. Kh1 Ngf6 11. Be3 h5 12. Rae1 h4 13. Bc1 Be7 14. e5 h3 15. Ne4 hxg2+ 16. Qxg2 Nxe4 17. Bxe4 d5 18. Bd3 O-O-O 19. Qxg7 Nc5 20. Qxf7 Rdf8 21. Qg7 Rfg8 22. Qf7 Rg4 23. Rg1 Rgh4 24. Rg8+ Rxg8 25. Qxg8+ Qd8 26. Rg1 Qxg8 27. Rxg8+ Kd7 28. Kg2 Nxd3 29. cxd3 Rh7 30. Be3 Bc5 31. Kg3 a5 32. h4 Ba6 33. Rg6 Bxd3 34. Rxe6 Rg7+ 35. Kf2 Be4 36. Rf6 Rg2+ 37. Kf1 Rxb2 38. e6+ Ke7 39. Rf7+ Kd6 40. f5 Bd3+ 41. Kg1 Rb1+ 42. Kh2 Re1 43. Bf4+ Re5 44. Rd7# 1-0


[Site "https://www.chess.com"]

[Event "Titled Tuesday Blitz July 20 2021"]
[White "Lazavik, Denis"]
[Black "Michailov, Matias"]
[WhiteFideId "13515110"]
[BlackFideId "3001571"]
[WhiteElo "2436"]
[BlackElo "2231"]
[Result "1-0"]
[Round "01"]
[TimeControl "180+1"]
[Date "2021.07.20"]
[WhiteClock "0:00:07"]
[BlackClock "0:00:19"]

1. d4 Nf6 2. c4 e6 3. Nf3 Bb4+ 4. Bd2 Qe7 5. g3 Nc6 6. Nc3 O-O 7. Bg2 d6 8. O-O Bxc3 9. Bxc3 e5 10. d5 Nb8 11. c5 Bf5 12. cxd6 cxd6 13. Nd2 Na6 14. e4 Bd7 15. Qe2 Rfc8 16. f4 Bg4 17. Qf2 Nc5 18. fxe5 dxe5 19. h3 Bd7 20. Qe3 Na4 21. Rac1 Ne8 22. b3 Nxc3 23. Rxc3 Rxc3 24. Qxc3 Rc8 25. Qe3 Rc2 26. a4 Qb4 27. Nf3 f6 28. Rf2 Rxf2 29. Kxf2 b6 30. Nd2 Nd6 31. h4 Kf7 32. Bf1 Ke7 33. Bd3 Bg4 34. Bc2 Kd7 35. Kg2 Kc7 36. Qd3 Kb7 37. Qe3 a6 38. Kf2 b5 39. axb5 axb5 40. Kg2 Qd4 41. Qxd4 exd4 42. Kf2 Kb6 43. b4 Nc4 44. Nb3 Na3 45. Nxd4 Nc4 46. Bd3 Ne5 47. Bxb5 Bc8 48. Be2 Kc7 49. Ke3 Kb6 50. Kf4 Bd7 51. g4 h6 52. g5 hxg5+ 53. hxg5 Nf7 54. gxf6 gxf6 55. Nf3 Nd6 56. e5 fxe5+ 57. Nxe5 Be8 58. Ke3 Kc7 59. Kd4 Ba4 60. Kc5 Be8 61. Bd3 Nb7+ 62. Kd4 Nd6 63. Nf3 Kb6 64. Nd2 Kc7 65. Nc4 Nb7 66. Ke5 Bb5 67. d6+ Kc6 68. Be4+ Kd7 69. Bxb7 Bxc4 70. Bd5 Bb5 71. Be6+ Kd8 72. Kd5 Ba4 73. Kc5 Bd1 74. b5 Bf3 75. b6 Bb7 76. Bd5 1-0


[Site "https://www.chess.com"]

[Event "Titled Tuesday Blitz July 20 2021"]
[White "Le, Tuan Minh"]
[Black "pooh2012"]
[WhiteFideId "12401153"]
[WhiteElo "2450"]
[BlackElo "2440"]
[Result "1-0"]
[Round "01"]
[TimeControl "180+1"]
[Date "2021.07.20"]
[WhiteClock "0:01:49"]
[BlackClock "0:00:04"]

1. d4 Nf6 2. Nf3 e6 3. Bf4 c5 4. c3 b6 5. e3 Bb7 6. Nbd2 Be7 7. Bd3 O-O 8. O-O cxd4 9. cxd4 d6 10. h3 Nc6 11. Bh2 Rc8 12. a3 Qc7 13. Rc1 Qb8 14. Qe2 Qa8 15. e4 Rfd8 16. Qe3 Nd7 17. b4 a6 18. Rfe1 b5 19. h4 a5 20. Rb1 axb4 21. axb4 d5 22. Ra1 Na7 23. e5 Nb6 24. h5 Bc6 25. h6 g6 26. Bf4 Bxb4 27. Bg5 Bf8 28. Bxd8 Rxd8 29. Qf4 Rd7 30. Nb3 Nc4 31. Ra6 Qc8 32. Rea1 Qb8 33. Nc5 Rc7 34. R6a2 b4 35. Na6 Qb6 36. Nxc7 Qxc7 37. Rxa7 1-0


[Site "https://www.chess.com"]

[Event "Titled Tuesday Blitz July 20 2021"]
[White "Liyanage, Ranindu Dilshan"]
[Black "Koganov, Mikhail"]
[WhiteFideId "9915834"]
[BlackFideId "2038676"]
[WhiteElo "1839"]
[BlackElo "2093"]
[Result "1-0"]
[Round "01"]
[TimeControl "180+1"]
[Date "2021.07.21"]
[WhiteClock "0:00:53"]
[BlackClock "0:00:06"]

1. e4 e5 2. Nf3 Nc6 3. Bc4 Nf6 4. d3 Be7 5. O-O O-O 6. Re1 a6 7. a4 d6 8. h3 Be6 9. Nbd2 Na5 10. Ba2 Bxa2 11. Rxa2 Qd7 12. c3 b5 13. b4 Nc6 14. Nf1 Rfb8 15. Ng3 g6 16. a5 Nd8 17. d4 exd4 18. cxd4 Bf8 19. Rd2 Bg7 20. Bb2 c6 21. e5 Nd5 22. Ne4 Nb7 23. exd6 Nxb4 24. Ne5 Qd8 25. Qb3 Nd5 26. Nxc6 Nxa5 27. Qxd5 Nxc6 28. Qxc6 Rb6 29. Qd5 Rc8 30. Ng5 Qf6 31. d7 Rd8 32. Re8+ Bf8 33. Nxf7 Rxd7 34. Nh6+ Kg7 35. Qxd7+ Kxh6 36. Rde2 Rd6 37. Bc1+ g5 38. Qg4 Rxd4 39. Bxg5+ Qxg5 40. R8e6+ 1-0


[Site "https://www.chess.com"]